[ AOE2 MATCH · #468498021 ]
UnrankedBulgarians vs Cumans
Rival team · WIN
[ REPLAY ANALYSIS · EXTRACTED FROM THE RECORDED GAME ]
Feudal
19:02
Castle
—
Imperial
—
| APM avg | 14.2 |
| APM peak | 44 |
| eAPM avg | 7.3 |
| Villagers / military | 35 / 13 |
Focus
⚔️ 26.0% · 🌾 74.0%
Militia ×10 · Skirmisher ×3
Feudal
14:26
Castle
—
Imperial
—
| APM avg | 42.0 |
| APM peak | 93 |
| eAPM avg | 16.6 |
| Villagers / military | 40 / 50 |
Focus
⚔️ 35.1% · 🌾 64.9%
Spearman ×24 · Militia ×19 · Battering Ram ×7
Feudal
14:04
Castle
23:05
Imperial
—
| APM avg | 17.8 |
| APM peak | 43 |
| eAPM avg | 8.3 |
| Villagers / military | 46 / 48 |
Focus
⚔️ 26.6% · 🌾 73.4%
Skirmisher ×26 · Knight ×12 · Spearman ×5 · Scout Cavalry ×5
Match map
Initial resources + every placement click. Lines = walls · curves = elevation contours. ◆ gold · ⬟ stone · ● berries · ✦ relic · ◌ wall gap
Your base· Open — unwalled flank
ualpay's base· Open — unwalled flank
Quiet Scream's base· Open — unwalled flank
Smoothed initial terrain · ◌ = detected wall gap · hover for details
Inputs per minute
— ...:::Altar :::... - - ualpay
Build order — ...:::Altar :::...
78 actions detected in the replay
| 4:10 | Build | Town Center |
| 6:02 | Create | Villager (Male) |
| 6:02 | Create | Villager (Male) |
| 6:03 | Create | Villager (Male) |
| 6:03 | Create | Villager (Male) |
| 6:08 | Research | Loom |
| 6:59 | Build | House |
| 7:03 | Create | Villager (Male) |
| 7:28 | Build | House |
| 7:35 | Create | Villager (Male) |
| 7:36 | Create | Villager (Male) |
| 7:58 | Build | House |
| 8:30 | Create | Villager (Male) |
| 8:45 | Research | Loom |
| 8:57 | Build | Mill |
| 9:24 | Create | Villager (Male) |
| 10:30 | Create | Villager (Male) |
| 10:31 | Create | Villager (Male) |
| 11:06 | Build | Outpost |
| 11:13 | Create | Villager (Male) |
| 11:40 | Build | House |
| 11:49 | Create | Villager (Male) |
| 12:13 | Create | Villager (Male) |
| 12:39 | Build | Barracks |
| 12:47 | Create | Villager (Male) |
| 13:40 | Build | Mining Camp |
| 13:44 | Create | Villager (Male) |
| 14:08 | Create | Villager (Male) |
| 14:20 | Create | Villager (Male) |
| 14:57 | Create | Villager (Male) |
| 14:57 | Create | Villager (Male) |
| 15:35 | Create | Villager (Male) |
| 15:52 | Create | Villager (Male) |
| 16:52 | Research | Feudal Age |
| 17:26 | Build | Farm |
| 17:28 | Build | Farm |
| 17:29 | Build | Farm |
| 17:30 | Build | Farm |
| 17:33 | Build | Farm |
| 17:41 | Create | Villager (Male) |
| 19:02 | Age | Feudal Age |
| 19:16 | Create | Villager (Male) |
| 19:32 | Create | Villager (Male) |
| 19:47 | Build | Market |
| 19:59 | Build | Blacksmith |
| 20:19 | Build | Lumber Camp |
| 20:28 | Create | Villager (Male) |
| 20:36 | Build | House |
| 20:46 | Research | Wheelbarrow |
| 21:12 | Create | Militia |
| 21:12 | Create | Militia |
| 21:12 | Create | Militia |
| 21:12 | Create | Militia |
| 22:09 | Create | Villager (Male) |
| 22:44 | Research | Scale Mail Armor |
| 22:45 | Research | Forging |
| 22:47 | Create | Villager (Male) |
| 22:48 | Create | Villager (Male) |
| 22:48 | Create | Villager (Male) |
| 22:49 | Create | Villager (Male) |
| 23:49 | Create | Villager (Male) |
| 23:50 | Create | Villager (Male) |
| 24:18 | Create | Militia |
| 24:18 | Create | Militia |
| 24:18 | Create | Militia |
| 24:19 | Create | Militia |
| 24:19 | Create | Militia |
| 24:19 | Create | Militia |
| 26:02 | Build | House |
| 26:03 | Build | House |
| 26:43 | Build | Archery Range |
| 27:30 | Create | Skirmisher |
| 27:30 | Create | Skirmisher |
| 27:31 | Create | Skirmisher |
| 29:45 | Research | Castle Age |
| 31:12 | Create | Villager (Male) |
| 31:12 | Create | Villager (Male) |
| 31:24 | Build | Farm |
Build order — ualpay
First 150 of 174 actions detected
| 1:38 | Build | Town Center |
| 2:27 | Build | House |
| 2:29 | Build | House |
| 3:31 | Create | Villager (Male) |
| 3:31 | Create | Villager (Male) |
| 3:31 | Create | Villager (Male) |
| 3:32 | Create | Villager (Male) |
| 3:32 | Create | Villager (Male) |
| 4:38 | Create | Villager (Male) |
| 5:02 | Create | Villager (Male) |
| 5:24 | Build | Lumber Camp |
| 5:27 | Create | Villager (Male) |
| 5:47 | Create | Villager (Male) |
| 6:00 | Create | Villager (Male) |
| 6:27 | Create | Villager (Male) |
| 6:31 | Build | House |
| 6:33 | Build | House |
| 6:55 | Build | House |
| 7:06 | Research | Loom |
| 7:30 | Create | Villager (Male) |
| 7:30 | Create | Villager (Male) |
| 7:30 | Create | Villager (Male) |
| 7:55 | Create | Villager (Male) |
| 7:55 | Create | Villager (Male) |
| 9:24 | Create | Villager (Male) |
| 10:04 | Create | Villager (Male) |
| 10:23 | Create | Villager (Male) |
| 10:24 | Create | Villager (Male) |
| 10:58 | Build | Barracks |
| 11:02 | Build | Palisade Wall |
| 11:11 | Build | Palisade Wall |
| 11:14 | Create | Villager (Male) |
| 11:40 | Build | Mining Camp |
| 11:44 | Build | Palisade Wall |
| 11:50 | Create | Villager (Male) |
| 12:06 | Research | Feudal Age |
| 12:37 | Build | Mill |
| 12:55 | Create | Villager (Male) |
| 12:59 | Build | House |
| 13:35 | Build | Palisade Wall |
| 13:51 | Build | Palisade Gate |
| 14:16 | Build | Barracks |
| 14:22 | Create | Villager (Male) |
| 14:26 | Age | Feudal Age |
| 14:36 | Build | Blacksmith |
| 14:37 | Build | Palisade Wall |
| 14:44 | Create | Villager (Male) |
| 14:47 | Research | Double-Bit Axe |
| 14:48 | Research | Double-Bit Axe |
| 15:16 | Create | Villager (Male) |
| 15:16 | Create | Villager (Male) |
| 15:31 | Create | Militia |
| 15:42 | Build | Mill |
| 15:55 | Create | Villager (Male) |
| 16:02 | Build | Siege Workshop |
| 16:23 | Create | Militia |
| 16:37 | Build | House |
| 16:41 | Build | House |
| 16:53 | Create | Battering Ram |
| 16:57 | Create | Villager (Male) |
| 17:07 | Build | Farm |
| 17:10 | Build | Farm |
| 17:19 | Build | Farm |
| 17:20 | Build | Farm |
| 17:31 | Create | Militia |
| 17:43 | Build | Palisade Wall |
| 17:48 | Build | Palisade Wall |
| 17:52 | Build | Palisade Wall |
| 18:06 | Create | Villager (Male) |
| 18:06 | Create | Villager (Male) |
| 18:08 | Create | Militia |
| 18:11 | Create | Battering Ram |
| 18:19 | Build | Palisade Wall |
| 18:39 | Build | Farm |
| 18:41 | Create | Villager (Male) |
| 18:46 | Build | Palisade Wall |
| 18:53 | Build | Palisade Wall |
| 18:57 | Research | Man-at-Arms (upgrade) |
| 18:57 | Research | Man-at-Arms (upgrade) |
| 19:04 | Create | Militia |
| 19:04 | Create | Militia |
| 19:04 | Create | Militia |
| 19:10 | Create | Battering Ram |
| 19:22 | Build | Palisade Wall |
| 19:23 | Build | Palisade Wall |
| 19:26 | Build | Palisade Wall |
| 19:41 | Build | Palisade Wall |
| 19:55 | Create | Spearman |
| 19:55 | Create | Spearman |
| 20:27 | Build | House |
| 20:29 | Build | House |
| 20:34 | Create | Spearman |
| 21:00 | Create | Spearman |
| 21:00 | Create | Spearman |
| 21:19 | Create | Spearman |
| 21:20 | Create | Spearman |
| 21:28 | Build | Town Center |
| 22:17 | Create | Battering Ram |
| 22:19 | Create | Spearman |
| 22:34 | Create | Spearman |
| 22:34 | Create | Militia |
| 22:46 | Build | House |
| 22:48 | Build | House |
| 22:52 | Build | Palisade Gate |
| 22:56 | Build | House |
| 22:57 | Create | Spearman |
| 23:06 | Build | House |
| 23:17 | Build | Palisade Gate |
| 23:29 | Build | Palisade Wall |
| 23:43 | Create | Battering Ram |
| 24:05 | Create | Militia |
| 24:05 | Create | Spearman |
| 24:10 | Build | Farm |
| 24:22 | Build | Farm |
| 24:27 | Create | Battering Ram |
| 25:08 | Build | Palisade Wall |
| 25:12 | Build | Mining Camp |
| 25:29 | Create | Militia |
| 25:29 | Create | Militia |
| 25:44 | Create | Battering Ram |
| 25:55 | Create | Militia |
| 26:11 | Build | Palisade Gate |
| 26:25 | Create | Villager (Male) |
| 26:31 | Build | Lumber Camp |
| 26:36 | Build | Farm |
| 26:42 | Build | Farm |
| 26:45 | Build | Farm |
| 26:50 | Build | Farm |
| 27:12 | Create | Militia |
| 27:14 | Create | Villager (Male) |
| 27:14 | Create | Villager (Male) |
| 27:24 | Build | Farm |
| 27:26 | Build | Farm |
| 27:43 | Create | Spearman |
| 27:43 | Create | Spearman |
| 27:43 | Create | Spearman |
| 28:10 | Create | Militia |
| 28:10 | Create | Spearman |
| 28:23 | Build | Stable |
| 28:55 | Create | Spearman |
| 28:55 | Create | Spearman |
| 28:55 | Create | Militia |
| 28:55 | Create | Spearman |
| 28:55 | Create | Militia |
| 29:36 | Create | Spearman |
| 29:36 | Create | Militia |
| 29:36 | Create | Militia |
| 29:37 | Create | Spearman |
| 29:42 | Build | Mill |
| 29:44 | Build | Farm |
Build order — Quiet Scream
120 actions detected in the replay
| 0:27 | Build | Town Center |
| 2:47 | Create | Villager (Male) ×4 |
| 3:03 | Build | House |
| 3:04 | Build | House |
| 3:07 | Build | House |
| 3:09 | Build | House |
| 3:33 | Research | Loom |
| 3:35 | Create | Villager (Male) |
| 3:35 | Create | Villager (Male) |
| 3:49 | Create | Villager (Male) |
| 4:38 | Create | Villager (Male) |
| 5:08 | Create | Villager (Male) |
| 5:49 | Build | Lumber Camp |
| 5:50 | Create | Villager (Male) |
| 5:50 | Create | Villager (Male) |
| 6:14 | Create | Villager (Male) |
| 6:26 | Create | Villager (Male) |
| 6:55 | Create | Villager (Male) |
| 7:01 | Create | Villager (Male) |
| 7:25 | Create | Villager (Male) |
| 8:10 | Create | Villager (Male) |
| 8:21 | Build | Mill |
| 8:24 | Create | Villager (Male) |
| 9:44 | Create | Villager (Male) |
| 9:58 | Create | Villager (Male) |
| 9:59 | Create | Villager (Male) |
| 10:18 | Build | Mill |
| 10:48 | Build | Barracks |
| 11:02 | Build | House |
| 11:15 | Build | Palisade Wall |
| 11:21 | Build | Palisade Wall |
| 11:26 | Build | Palisade Wall |
| 11:33 | Build | Palisade Wall |
| 11:36 | Build | Palisade Wall |
| 11:40 | Build | Palisade Wall |
| 11:54 | Research | Feudal Age |
| 12:05 | Build | Palisade Wall |
| 12:10 | Build | Palisade Gate |
| 12:15 | Create | Villager (Male) |
| 12:15 | Create | Villager (Male) |
| 14:04 | Age | Feudal Age |
| 14:04 | Research | Double-Bit Axe |
| 14:12 | Build | Stable |
| 14:25 | Create | Spearman |
| 14:26 | Create | Spearman |
| 14:29 | Create | Spearman |
| 14:30 | Create | Spearman |
| 14:31 | Create | Spearman |
| 14:51 | Create | Villager (Male) |
| 14:58 | Create | Villager (Male) |
| 14:58 | Create | Villager (Male) |
| 15:02 | Create | Villager (Male) |
| 15:09 | Create | Scout Cavalry ×5 |
| 15:42 | Build | House |
| 15:43 | Build | House |
| 15:44 | Build | House |
| 15:45 | Build | House |
| 15:47 | Build | House |
| 15:50 | Build | House |
| 16:00 | Research | Wheelbarrow |
| 16:01 | Create | Villager (Male) |
| 16:01 | Create | Villager (Male) |
| 16:02 | Create | Villager (Male) |
| 16:21 | Create | Villager (Male) |
| 17:19 | Build | House |
| 17:23 | Build | House |
| 17:24 | Build | House |
| 17:33 | Build | House |
| 17:42 | Create | Villager (Male) |
| 18:09 | Build | Blacksmith |
| 18:14 | Build | Market |
| 18:17 | Build | House |
| 18:19 | Build | House |
| 18:53 | Create | Villager (Male) |
| 20:25 | Research | Castle Age |
| 20:57 | Build | Mining Camp |
| 22:39 | Create | Villager (Male) ×5 |
| 22:49 | Build | Stable |
| 22:51 | Build | Stable |
| 23:05 | Age | Castle Age |
| 23:42 | Build | Mill |
| 24:07 | Create | Knight ×2 |
| 24:20 | Build | Town Center |
| 25:31 | Create | Villager (Male) ×2 |
| 25:34 | Build | Farm |
| 25:35 | Build | Farm |
| 25:35 | Build | Farm |
| 25:35 | Build | Farm |
| 25:35 | Build | Farm |
| 25:36 | Build | Farm |
| 25:36 | Build | Farm |
| 25:57 | Build | Farm |
| 25:57 | Build | Farm |
| 25:58 | Build | Farm |
| 26:20 | Create | Villager (Male) ×2 |
| 26:25 | Build | Farm |
| 26:26 | Build | Farm |
| 26:35 | Build | Archery Range |
| 26:36 | Build | Archery Range |
| 26:38 | Build | Archery Range |
| 26:40 | Build | Stable |
| 26:51 | Create | Villager (Male) ×2 |
| 26:53 | Create | Villager (Male) |
| 27:04 | Create | Knight |
| 28:06 | Research | Elite Skirmisher (upgrade) |
| 28:07 | Create | Skirmisher ×5 |
| 28:09 | Create | Skirmisher ×5 |
| 28:14 | Create | Knight ×2 |
| 28:43 | Research | Forging |
| 28:43 | Research | Scale Barding Armor |
| 28:53 | Create | Knight ×2 |
| 29:03 | Create | Villager (Male) |
| 29:33 | Create | Knight ×3 |
| 29:50 | Research | Scale Barding Armor |
| 30:23 | Create | Skirmisher ×5 |
| 30:26 | Create | Knight ×2 |
| 30:28 | Create | Skirmisher |
| 31:40 | Create | Skirmisher ×5 |
| 31:41 | Create | Skirmisher ×5 |
| 31:48 | Research | Chain Barding Armor |
Match timeline
| 10:48 | Quiet Scream · first_building Barracks |
| 10:58 | ualpay · first_building Barracks |
| 11:02 | ualpay · wall_segment Palisade Wall x4 |
| 11:11 | ualpay · wall_segment Palisade Wall x4 |
| 11:15 | Quiet Scream · wall_segment Palisade Wall x6 |
| 11:21 | Quiet Scream · wall_segment Palisade Wall x5 |
| 11:26 | Quiet Scream · wall_segment Palisade Wall x14 |
| 11:33 | Quiet Scream · wall_segment Palisade Wall x18 |
| 11:36 | Quiet Scream · wall_segment Palisade Wall x13 |
| 11:40 | Quiet Scream · wall_segment Palisade Wall x9 |
| 11:44 | ualpay · wall_segment Palisade Wall x12 |
| 12:05 | Quiet Scream · wall_segment Palisade Wall x6 |
| 12:39 | ...:::Altar :::... · first_building Barracks |
| 13:35 | ualpay · wall_segment Palisade Wall x16 |
| 14:04 | Quiet Scream · age_up feudal |
| 14:12 | Quiet Scream · first_building Stable |
| 14:26 | ualpay · age_up feudal |
| 14:37 | ualpay · wall_segment Palisade Wall x1 |
| 16:02 | ualpay · first_building Siege Workshop |
| 17:43 | ualpay · wall_segment Palisade Wall x5 |
| 17:48 | ualpay · wall_segment Palisade Wall x1 |
| 17:52 | ualpay · wall_segment Palisade Wall x10 |
| 18:19 | ualpay · wall_segment Palisade Wall x4 |
| 18:46 | ualpay · wall_segment Palisade Wall x8 |
| 18:53 | ualpay · wall_segment Palisade Wall x3 |
| 19:02 | ...:::Altar :::... · age_up feudal |
| 19:22 | ualpay · wall_segment Palisade Wall x1 |
| 19:23 | ualpay · wall_segment Palisade Wall x1 |
| 19:26 | ualpay · wall_segment Palisade Wall x1 |
| 19:41 | ualpay · wall_segment Palisade Wall x15 |
| 23:05 | Quiet Scream · age_up castle |
| 23:29 | ualpay · wall_segment Palisade Wall x4 |
| 25:08 | ualpay · wall_segment Palisade Wall x10 |
| 26:35 | Quiet Scream · first_building Archery Range |
| 26:43 | ...:::Altar :::... · first_building Archery Range |
| 28:23 | ualpay · first_building Stable |
| 30:01 | ualpay · wall_segment Palisade Wall x9 |
| 30:03 | ualpay · wall_segment Palisade Wall x4 |
| 31:44 | ualpay · wall_segment Palisade Wall x1 |
| 31:49 | ualpay · wall_segment Palisade Wall x2 |
| 31:55 | ualpay · wall_segment Palisade Wall x1 |
| 31:56 | ualpay · wall_segment Palisade Wall x1 |
| 31:57 | ualpay · wall_segment Palisade Wall x1 |
| 32:09 | ualpay · resign |
[ AI ANALYSIS · 1 CREDIT ]
What really happened in this match?
Wolo.gg analyzes every decision: build order, eco, micro, common mistakes by bracket. Personalized analysis on WhatsApp or Discord in 30 seconds.
Civ guide
Bulgarians
Perfil
Jugador #2476142